 Dungeon Crawl Stone Soup version 0.14.0-24-gfb45beb (webtiles) character file.

318 Qrupt the Magician (level 5, -3/28 HPs)
             Began as a Deep Elf Ice Elementalist on Apr 23, 2014.
             Killed by divine providence
             ... invoked by an orc priest
              (11 damage)
             ... on Level 3 of the Dungeon.
             The game lasted 00:07:46 (2937 turns).

Qrupt the Magician (Deep Elf Ice Elementalist)      Turns: 2937, Time: 00:07:46

HP  -3/28        AC  2     Str  6      XL: 5   Next: 55%
MP  10/20        EV 13     Int 20      God:
Gold 110         SH  0     Dex 15      Spells:  2 memorised, 13 levels left

rFire  . . .     SeeInvis .     (no weapon)
rCold  . . .     Clarity  .     a - +0 robe
rNeg   . . .     Conserve .     (no shield)
rPois  .         rCorr    .     (no helmet)
rElec  .         rRot     .     (no cloak)
SustAb . .       Spirit   .     (no gloves)
rMut   .         Warding  .     (no boots)
Saprov . . .     Stasis   .     (no amulet)
MR     .....                    (no ring)
                                (no ring)

@: not resistant to hostile enchantments, fairly stealthy
A: no striking features
a: no special abilities


You were on level 3 of the Dungeon.
You were not hungry.

You visited 1 branch of the dungeon, and saw 3 of its levels.

You collected 110 gold pieces.

Inventory:

Armour
 a - a +0 robe (worn)
Magical devices
 v - a wand of invisibility (5)
Comestibles
 c - 2 bread rations
 f - a cheese
 h - 2 meat rations
 n - an apple
 o - a pear
 w - 2 rotting chunks of orc flesh
Scrolls
 d - 3 scrolls of identify {unknown}
 e - a scroll of enchant armour {unknown}
 g - a scroll of enchant weapon II {unknown}
 j - 2 scrolls of remove curse {unknown}
 l - 2 scrolls of magic mapping {unknown}
 m - 2 scrolls of immolation {unknown}
 p - 2 scrolls of enchant weapon I {unknown}
 s - a scroll of amnesia {unknown}
 t - a scroll of noise {unknown}
Jewellery
 i - an uncursed ring of ice {unknown}
 u - a +2 ring of protection {unknown}
Potions
 k - a potion of curing {unknown}
 q - a potion of might {unknown}
 r - a potion of restore abilities {unknown}
Books
 b - a book of Frost

   Spells                             Type                      Level
   *Freeze                            Ice                          1
   *Throw Frost                       Conjuration/Ice              2
   Ozocubu's Armour                   Charms/Ice                   3
   Throw Icicle                       Conjuration/Ice              4
   Summon Ice Beast                   Ice/Summoning                4
   Condensation Shield                Ice                          4


   Skills:
 - Level 2.4 Dodging
 - Level 2.4 Stealth
 + Level 6.2 Spellcasting
 - Level 1.1 Conjurations
 + Level 5.2 Ice Magic


You had 13 spell levels left.
You knew the following spells:

 Your Spells              Type           Power        Failure   Level  Hunger
a - Freeze                Ice            ####         1%          1    None
b - Throw Frost           Conj/Ice       ###...       4%          2    None


Dungeon Overview and Level Annotations

Branches:
Dungeon (3/15)

Altars:
Sif Muna


Message History

Casting: Throw Frost
Confirm with . or Enter, or press ? or * to list all spells.
Aiming: Throw Frost
Press: ? - help, Shift-Dir - straight line, f/p - orc priest
Aim: an orc priest wearing a leather armour (severely wounded)
The puff of frost misses the orc priest.
The puff of frost misses the orc.
The orc priest calls down the wrath of Beogh upon you.
Something smites you!
Ouch! That really hurt!
* * * LOW HITPOINT WARNING * * *
Casting: Throw Frost
Confirm with . or Enter, or press ? or * to list all spells.
Aiming: Throw Frost
Press: ? - help, Shift-Dir - straight line, f/p - orc priest
Aim: an orc priest wearing a leather armour (severely wounded)
The puff of frost misses the orc priest.
The orc priest mumbles some strange prayers to Beogh against you.
Something smites you!
You die...

.. .. .. .# ##+ .# #.. .#
#.# .# #######.##### #####
.####...........####.......
<##.............@..'oo....o
.%>.#...........####.......
.####...(.......# ..... ##
#.(.........# ####
#...........# #...........#
##########..# ##+#


You could see an orc priest and an orc.

Vanquished Creatures
  An orc wizard (D:2)
  An orc priest (D:2)
  5 adders (D:2)
  4 worms (D:2)
  A giant gecko (D:1)
  2 oozes
  3 orcs (D:3)
  A ball python (D:1)
  13 bats
  A giant cockroach (D:2)
  8 goblins
  12 hobgoblins
  2 jackals (D:2)
  2 quokkas (D:2)
  2 giant newts
  8 kobolds
  7 rats
73 creatures vanquished.

Notes
Turn   | Place    | Note
--------------------------------------------------------------
     0 | D:1      | Qrupt, the Deep Elf Ice Elementalist, began the quest for the Orb.
     0 | D:1      | Reached XP level 1. HP: 10/10 MP: 5/5
   349 | D:1      | Reached XP level 2. HP: 12/15 MP: 4/8
  1000 | D:2      | Learned a level 2 spell: Throw Frost
  1006 | D:2      | Reached skill level 4 in Ice Magic
  1101 | D:2      | Found a deep blue altar of Sif Muna.
  1121 | D:2      | Reached XP level 3. HP: 19/19 MP: 9/12
  1589 | D:2      | Reached XP level 4. HP: 24/24 MP: 7/16
  1856 | D:2      | Reached skill level 5 in Spellcasting
  2515 | D:3      | Reached XP level 5. HP: 28/28 MP: 17/20
  2525 | D:2      | Reached skill level 5 in Ice Magic
  2609 | D:2      | Reached skill level 6 in Spellcasting
  2937 | D:3      | Killed from afar by an orc priest

Action                   |  1- 3 |  4- 6 || total
-------------------------+-------+-------++-------
Melee: Unarmed           |     8 |     2 ||    10
 Cast: Freeze            |    66 |    60 ||   126
       Throw Frost       |     1 |    13 ||    14
Evoke: Wand              |       |     1 ||     1
